cohdb
Replays
Latest Replays
All Replays
Popular Replays
Top Player Replays
Match Explorer
How It Works
Community
CoH3 Stats
Reddit
Sign in to upload your games and track your stats! →
Sign in with Steam
Match 38348856
Unlisted
Match 38348856
Overview
Messages
Build Orders
End
Construct Weapon Support Center
Selects Armored Battlegroup
Selects Assault Engineers
Assault Engineer Squad
Assault Engineer Squad
M1919 Machine Gun Team
Bazooka Squad
M1919 Machine Gun Team
Infantry Support Center
Construct Medical Station
Selects Fast Deploy
M3 Armored Personnel Carrier
Bazooka Squad
Selects M31 Recovery Vehicle
Construct Tank Depot
Bazooka Squad
Selects War Machine
M4A1 Sherman Medium Tank
Selects M8 Scott SPG
Selects UNKNOWN (2160077)
M4A3E8 Sherman Easy Eight
M4A1 Sherman Medium Tank
M1919 Machine Gun Team
M4A1 Sherman Medium Tank
Assault Engineer Squad
M18 Hellcat Tank Destroyer
M18 Hellcat Tank Destroyer
M18 Hellcat Tank Destroyer
M18 Hellcat Tank Destroyer
Assault Engineer Squad
Assault Engineer Squad
KevinTDW
Alfonso
0
0
Comments
sign in to comment!
No comments posted yet!